 Dungeon Crawl Stone Soup version 0.31-a0-879-g1609e0ac53 (webtiles) character file.

Game seed: 7224694338277356210

1835 sircluck the Grappler (level 8, -1/117 HPs)
             Began as a Troll Berserker on Oct 14, 2023.
             Was an Elder of Trog.
             Slain by a killer bee (5 damage)
             ... on level 8 of the Dungeon.
             The game lasted 00:05:12 (4376 turns).

sircluck the Grappler (Troll Berserker)             Turns: 4376, Time: 00:05:13

Health: -1/117     AC:  7    Str: 28    XL:     8   Next: 87%
Magic:  7/7        EV: 15    Int:  3    God:    Trog [****..]
Gold:   251        SH:  0    Dex:  9    Spells: 7/7 levels left

rFire   . .          .
                       - Unarmed
rCold   + . .        (no shield)
rNeg    . . .        a - +0 animal skin
rPois   .            (helmet restricted)
rElec   .            C - +2 cloak
rCorr   .            (gloves unavailable)
SInv    .            (boots unavailable)
Will    .....        (no amulet) Stlth
                     b - ring of protection from cold
HPRegen 1.19/turn    t - +5 ring of evasion
MPRegen 0.10/turn

%: no passive effects
@: berserking (expiring), lethally poisoned (-1 -> -4), very quick
A: large, unfitting armour, claws 3, regeneration 1, shaggy fur 1, tough skin 1
a: Renounce Religion, Berserk, Trog's Hand, Brothers in Arms


You were on level 8 of the Dungeon.
You worshipped Trog.
Trog was greatly pleased with you.
You visited 1 branch of the dungeon, and saw 7 of its levels.

You collected 251 gold pieces.

Inventory:

Missiles
 c - 53 stones (quivered)
 k - 14 poisoned darts
 D - 4 large rocks
Armour
 a - a +0 animal skin (worn)
 z - a +0 cloak
 C - a +2 cloak (worn)
Jewellery
 b - a ring of protection from cold (left claw)
 t - a +5 ring of evasion (right claw)
 A - a ring of ice
Wands
 y - a wand of iceblast (12)
Scrolls
 d - 5 scrolls of identify {unknown}
 f - a scroll of noise {unknown}
 h - 3 scrolls of poison {unknown}
 i - 5 scrolls of teleportation {unknown}
 l - a scroll of silence {unknown}
 o - a scroll of enchant weapon {unknown}
 q - 2 scrolls of immolation {unknown}
 r - 2 scrolls of blinking {unknown}
 s - 2 scrolls of torment {unknown}
 u - 2 scrolls of enchant armour {unknown}
 w - a scroll of acquirement {unknown}
 x - 4 scrolls of amnesia {unknown}
 F - 2 scrolls of fog {unknown}
Potions
 e - 4 potions of heal wounds {unknown}
 g - a potion of brilliance {unknown}
 j - 3 potions of haste {unknown}
 m - a potion of attraction {unknown}
 n - 2 potions of degeneration {unknown}
 p - 2 potions of invisibility {unknown}
 v - a potion of mutation {unknown}
 B - 2 potions of ambrosia {unknown}
 E - 3 potions of enlightenment {unknown}
 G - a potion of cancellation {unknown}
 H - a potion of resistance {unknown}
 I - 2 potions of curing {unknown}


   Skills:
 + Level 3.6 Fighting
 * Level 4.5 Throwing
 + Level 5.0 Dodging
 + Level 0.7 Stealth
 + Level 8.5 Unarmed Combat


You had 7 spell levels left.
You didn't know any spells.
Your spell library was empty.

Dungeon Overview and Level Annotations

Branches:
Dungeon (8/15)
 Temple: D:4-7         Lair: D:8-11

Altars:
Ashenzari
Gozag
Trog
The Shining One


Innate Abilities, Weirdness & Mutations

You are too large for most types of armour.
You have claws for hands.
Your natural rate of healing is unusually fast.
You are covered in fur. (AC +1)
You have tough skin. (AC +1)


Message History

The gnoll barely misses you.
Your Dodging skill increases to level 5!
Unknown command.
Unknown command.
You mangle the gnoll!!
You kill the gnoll!
Trog accepts your kill.
You feel very sick. The killer bee stings you.
* * * LOW HITPOINT WARNING * * *
The killer bee stings you but does no damage.
The killer bee misses you.
Unknown command.
Unknown command.
You mangle the gnoll!!
You kill the gnoll!
Trog accepts your kill.
You feel sick. The killer bee stings you.
* * * LOW HITPOINT WARNING * * *
The killer bee misses you. The killer bee barely misses you.
The gnoll barely misses you.
Unknown command.
Unknown command.
Unknown command.
You mangle the gnoll!!
You kill the gnoll!
Trog accepts your kill.
* * * LOW HITPOINT WARNING * * *
You feel sick. The killer bee barely misses you. x2
The killer bee closely misses you.
Unknown command.
Unknown command.
Unknown command.
Unknown command.
You claw the killer bee!
The killer bee is severely wounded.
* * * LOW HITPOINT WARNING * * *
You feel sick. The killer bee closely misses you. The killer bee misses you.
The killer bee stings you.
You die...

........####.##..#... .
........#.....#.##.# .#
................#...#.##
..................##....
................#......#
................#......#
............../.#.......
................yy......
................@y......
##.............)))......
......................
..........###........
.#.......# #........ .
#...... ......... .
#........#........ ..
###.......##..##....
..###.#.......###.## .


You could see 3 killer bees.

Vanquished Creatures
  2 water moccasins
  An orc warrior (D:8)
  A sky beast (D:6)
  A black bear (D:8)
  An ogre (D:5)
  An ice beast (D:6)
  A phantom (D:5)
  2 bullfrogs
  A gnoll sergeant (D:8)
  Blork the orc (D:4)
  5 killer bees (D:8)
  A howler monkey (D:5)
  A jelly (D:4)
  3 orc priests
  Crazy Yiuf (D:3)
  2 sleepcaps
  Terence (D:3)
  2 iguanas
  2 orc wizards
  4 gnolls (D:8)
  9 adders
  A white imp (D:8)
  4 ufetubi (D:6)
  2 worms (D:2)
  5 dart slugs
  13 orcs
  8 endoplasms
  6 giant cockroaches
  10 goblins
  8 hobgoblins
  6 quokkas
  4 ball pythons
  7 bats
  4 frilled lizards
  5 kobolds
  5 rats
131 creatures vanquished.

Notes
Turn   | Place    | Note
-------+----------+-------------------------------------------
     0 | D:1      | sircluck the Troll Berserker began the quest for the Orb.
     0 | D:1      | Reached XP level 1. HP: 22/22 MP: 0/0
   160 | D:1      | Reached XP level 2. HP: 29/29 MP: 1/1
   283 | D:1      | Found a faded altar of an unknown god.
   761 | D:1      | You fall into a shaft and drop 1 floor!
   783 | D:2      | Reached XP level 3. HP: 36/36 MP: 2/2
   808 | D:2      | Reached ** piety under Trog
   858 | D:5      | Entered Level 5 of the Dungeon
   938 | D:5      | Reached skill level 1 in Throwing
   938 | D:5      | Reached XP level 4. HP: 44/44 MP: 3/3
  1023 | D:5      | Reached skill level 4 in Unarmed Combat
  1025 | D:5      | Noticed a bullfrog
  1034 | D:5      | Killed a bullfrog
  1035 | D:5      | Reached XP level 5. HP: 39/53 MP: 4/4
  1375 | D:5      | Noticed a phantom
  1387 | D:5      | Killed a phantom
  1388 | D:5      | Reached skill level 5 in Unarmed Combat
  1388 | D:5      | Reached XP level 6. HP: 59/61 MP: 5/5
  1520 | D:5      | Identified the +5 pair of gloves "Umint" {rN+ Int+3}
  1689 | D:5      | Noticed a water moccasin
  1698 | D:5      | Killed a water moccasin
  1699 | D:5      | Reached XP level 7. HP: 39/67 MP: 6/6
  1997 | D:2      | Identified the +2 leather armour "Qusel" {Rampage rCorr
                  | Int-2}
  2205 | D:2      | Reached skill level 6 in Unarmed Combat
  2503 | D:3      | Noticed Terence
  2510 | D:3      | Killed Terence
  2556 | D:3      | Reached *** piety under Trog
  2579 | D:3      | Identified the +1 hand axe "Ceakal" {flame, *Rage rN+
                  | rCorr}
  2600 | D:3      | Found a runed translucent door.
  2601 | D:3      | Noticed Crazy Yiuf
  3210 | D:3      | Killed Crazy Yiuf
  3451 | D:4      | Found a glowing golden altar of the Shining One.
  3457 | D:4      | Found an opulent altar of Gozag.
  3462 | D:4      | Found a bloodstained altar of Trog.
  3601 | D:4      | Noticed Blork the orc
  3611 | D:4      | Killed Blork the orc
  3611 | D:4      | Reached **** piety under Trog
  3823 | D:4      | Found a broken altar of Ashenzari.
  3992 | D:6      | Reached skill level 7 in Unarmed Combat
  4058 | D:6      | Reached XP level 8. HP: 75/75 MP: 7/7
  4083 | D:6      | You fall into a shaft and drop 2 floors!
  4166 | D:8      | Reached skill level 8 in Unarmed Combat
  4373 | D:8      | Reached skill level 5 in Dodging
  4375 | D:8      | HP: 4/117 [poisoned by a killer bee]
  4376 | D:8      | Slain by a killer bee

Illustrated notes

Levels and vault maps discovered:
D:1:      dpeg_arrival_morbid_curiosity, layout_basic,
          ebering_ecumenical_altar_box, chequers_mini_garden, minmay_cupped
D:2:      layout_basic, minmay_ruptured
D:3:      layout_loops_corners, uniq_terence, uniq_crazy_yiuf_cottage
D:4:      layout_cave_pools, lemuel_coloured_pillars_altar,
          minmay_overflow_temple_star_quad, uniq_blork_the_orc
D:5:      layout_basic
D:6:      layout_gridville, serial_park_tiny_2, uniq_jeremiah
D:8:      layout_cave_pools, chequers_ossuary_entry_cave

Skill      XL: |  1  2  3  4  5  6  7  8 |
---------------+-------------------------+-----
Throwing       | 1 2 3 4 |  4.5
Dodging        | 3 4 5 |  5.0
Unarmed Combat | 4 5 7 8 |  8.5
Fighting       | 3 |  3.6
Stealth        | |  0.7

Action                     |  1- 3 |  4- 6 |  7- 9 || total
---------------------------+-------+-------+-------++-------
  Melee: Unarmed           |    68 |    69 |   238 ||   375
         Punch             |     1 |     1 |     9 ||    11
  Throw: Stone             |     3 |       |     2 ||     5
 Invoke: Berserk           |       |       |     1 ||     1
   Stab: Sleeping          |       |       |     1 ||     1
 Armour: Animal skin       |    27 |    33 |   166 ||   226
  Dodge: Dodged            |    29 |    33 |   258 ||   320

Table legend: (Time is in decaauts)
 A = Elapsed time spent in this place.
 B = Non-inter-level travel time spent in this place.
 C = Inter-level travel time spent in this place.
 D = Time resting spent in this place.
 E = Time spent auto-exploring this place.
 F = Levels seen in this place.
 G = Mean time per level.
                   A        B        C        D        E       F      G
               +--------+--------+--------+--------+--------+-----+--------+
         Total |   4334 |   3973 |    361 |      0 |   3165 |   7 |  619.1 |
       Dungeon |   4334 |   3973 |    361 |      0 |   3165 |   7 |  619.1 |
               +--------+--------+--------+--------+--------+-----+--------+

Top non-repeatable levels by time:
     D:5: 1152 daAuts
     D:3: 855 daAuts
     D:1: 757 daAuts
     D:4: 604 daAuts
     D:2: 591 daAuts
     D:8: 280 daAuts
     D:6: 92 daAuts
